AoeStats
← HR Pinkman

African Clearing

506794572Analyzed
3v3 RM · 16d ago on Sep 15, 2026· 29m 52s· 6 players
Game mode
Random Map
Map size
Normal (6 player)
Population
200
Speed
Normal
Resources
Standard
Victory
Conquest
Starting age
Dark Age
Ending age
Imperial Age
RankedLock teamsTeams togetherTeam positionsShared explorationLock speedFull tech treeHidden civsTurbo modeCheats
Victory
Defeat
🇨🇱 Malay · Chile
1834
+1
🇨🇱 Magyars · Chile
1412
+6
🇨🇱 Aztecs · Chile
973
+46
🇺🇸 Portuguese · United States
1253
-11
🇦🇷 Tatars · Argentina
1218
-9
🇦🇷 Slavs · Argentina
1211
-9
bailey
14:28 Feudal Age
19:06 Castle Age
19:50 Fletching
20:00 Loom
Rototom
3:31 Loom
5:35 Loom
13:15 Feudal Age
13:46 Double-Bit Axe
17:25 Horse Collar
Thổ Dân Da Đỏ
13:44 Feudal Age
12:05 Loom
20:00 Castle Age
19:37 Double-Bit Axe
21:24 Forging
26:40 Scale Barding Armor
MM'
4:10 Loom
13:59 Feudal Age
19:03 Castle Age
22:59 Fishing Lines
25:06 Double-Bit Axe
27:35 Gillnets
28:55 Wheelbarrow
HR Pinkman
9:06 Loom
11:49 Feudal Age
12:11 Double-Bit Axe
16:06 Horse Collar
20:32 Castle Age
20:22 Bow Saw
21:10 Heavy Plow
22:44 Wheelbarrow
23:46 Coinage
25:46 Fletching
27:11 Town Watch
28:08 Bodkin Arrow
29:49 Hand Cart
J40 | Berto
9:04 Loom
12:18 Feudal Age
13:45 Double-Bit Axe
13:51 Horse Collar
18:15 Scale Barding Armor
19:54 Bloodlines
28:24 Castle Age
26:38 Gold Mining
27:51 Wheelbarrow
27:11 Town Watch
28:30 Light Cavalry
29:36 Chain Barding Armor
Connection lost

Rejoining the realm…

Still unreachable

The connection could not be restored.

Session expired

The server has moved on; the page needs a fresh start.